Map: Heavy Artillery LE

Players

SPoT - Winner!

  • Race: Protoss Protoss
  • League: Diamond
  • Spawn Location: 1:00

condor - Winner!

  • Race: Terran Terran
  • Spawn Location: 3:00

Ekelpack

  • Race: Zerg Zerg
  • Spawn Location: 7:00

Nyck

  • Race: Terran Terran
  • League: Silver
  • Spawn Location: 7:00

VOD

Have the link to the VOD?

Description

Time

  • Played on: Oct. 29, 2024, 2:28 p.m.
  • Length: 22:00
Show
View Real Time Build Order
Export as new Build Order

SPoT Protoss - Winner!

Build Orders:  

Get SALT Encoding   

  12  0:03  Probe  
  13  0:15  Probe  
  13  0:19  Pylon  
  14  0:27  Probe  
  15  0:39  Probe  
  15  0:42  Gateway  
  16  0:46  Assimilator  
  16  0:52  Probe  
  17  1:04  Probe  
  18  1:17  Probe  
  19  1:29  Probe  
  20  1:33  Cybernetics Core  
  20  1:37  Assimilator  
  20  1:42  Probe  
  21  1:54  Probe  
  21  1:59  Pylon  
  22  2:12  Probe  
  23  2:17  Stalker (Chrono Boost)  
  25  2:27  Nexus  
  24  2:30  Warp Gate  
  24  2:37  Gateway  
  24  2:41  Stalker (Chrono Boost), Pylon  
  26  2:48  Pylon  
  26  2:51  Probe  
  27  3:00  Forge  
  27  3:03  Shield Battery  
  28  3:12  Shield Battery  
  27  3:23  Stargate  
  27  3:30  Probe  
  28  3:40  Probe  
  29  3:42  Probe  
  30  3:49  Pylon  
  30  4:04  Oracle (Chrono Boost)  
  33  4:11  Gateway  
  33  4:14  Photon Cannon  
  33  4:15  Gateway  
  33  4:18  Probe x2  
  35  4:30  Probe  
  35  4:31  Stalker  
  38  4:34  Oracle (Chrono Boost)  
  41  4:42  Probe  
  42  4:46  Probe  
  43  4:54  Probe  
  43  4:57  Photon Cannon  
  43  4:58  Probe  
  45  5:06  Probe  
  46  5:10  Phoenix (Chrono Boost)  
  48  5:15  Probe  
  48  5:18  Probe  
  48  5:21  Gateway, Pylon  
  50  5:23  Assimilator  
  50  5:27  Probe  
  51  5:30  Probe  
  51  5:34  Phoenix  
  54  5:44  Probe  
  55  5:52  Stalker x4  
  57  6:10  Phoenix (Chrono Boost)  
  57  6:15  Photon Cannon  
  59  6:25  Shield Battery  
  59  6:28  Gateway  
  59  6:31  Photon Cannon  
  59  6:34  Photon Cannon  
  59  6:39  Protoss Ground Weapons Level 1 (Chrono Boost)  
  59  6:41  Phoenix (Chrono Boost)  
  59  6:42  Nexus  
  59  6:45  Pylon  
  61  6:48  Pylon  
  61  6:54  Twilight Council, Probe x2  
  63  6:55  Pylon  
  63  7:10  Pylon  
  63  7:17  Pylon  
  63  7:24  Fleet Beacon, Probe  
  63  7:25  Probe  
  63  7:28  Assimilator  
  65  7:37  Probe x2  
  66  7:43  Gateway  
  67  7:45  Photon Cannon  
  67  7:47  Shield Battery  
  67  7:48  Gateway  
  67  7:49  Probe x2  
  69  7:57  Photon Cannon  
  69  8:00  Probe  
  69  8:01  Probe x2  
  72  8:08  Anion Pulse-Crystals (Chrono Boost)  
  72  8:11  Templar Archives  
  73  8:12  Probe  
  73  8:13  Probe x2  
  75  8:29  Stalker x2, Photon Cannon  
  75  8:30  Stalker  
  75  8:31  Gateway, Adept  
  83  8:34  Sentry x2  
  83  8:39  Probe (Chrono Boost)  
  90  8:43  Probe x2 (Chrono Boost)  
  90  8:44  Assimilator  
  90  8:47  Charge, Assimilator  
  90  8:51  Protoss Ground Weapons Level 2 (Chrono Boost)  
  90  8:52  Probe (Chrono Boost)  
  90  8:53  Probe x2 (Chrono Boost)  
  93  9:03  Probe  
  94  9:14  Stalker x4  
  102  9:33  Phoenix (Chrono Boost)  
  104  9:43  Stalker x2  
  104  9:45  Zealot x7  
  112  9:48  Protoss Air Weapons Level 1 (Chrono Boost)  
  112  9:49  Phoenix (Chrono Boost)  
  124  10:15  Phoenix (Chrono Boost)  
  88  10:37  Tempest (Chrono Boost)  
  88  10:38  Psionic Storm  
  88  10:41  High Templar x2  
  97  10:43  Zealot x7  
  99  11:08  Zealot x2  
  99  11:09  Zealot x5  
  95  11:36  Protoss Ground Weapons Level 3 (Chrono Boost)  
  95  11:38  Resonating Glaives (Chrono Boost)  
  93  11:44  High Templar x5  
  93  11:45  Zealot  
  93  11:46  Zealot x3  
  111  12:02  Gateway, Nexus  
  111  12:04  Gateway  
  111  12:05  Gateway, Pylon  
  111  12:06  Photon Cannon  
  111  12:09  Tempest (Chrono Boost), Pylon  
  111  12:12  Pylon  
  116  12:18  Unknown, Stargate  
  116  12:23  Zealot x3  
  116  12:24  Zealot x5  
  132  12:36  Archon  
  88  12:49  High Templar x4  
  90  12:51  Zealot  
  90  12:52  High Templar  
  90  12:55  High Templar  
  90  12:56  Zealot x2  
  100  13:05  Shield Battery  
  100  13:08  Shield Battery  
  100  13:09  Probe  
  100  13:10  Photon Cannon  
  101  13:14  Photon Cannon  
  101  13:16  Tempest (Chrono Boost)  
  101  13:18  Photon Cannon  
  106  13:23  Blink (Chrono Boost)  
  111  13:28  Tempest (Chrono Boost)  
  91  13:49  Zealot x5  
  91  13:50  Zealot x7  
  111  13:58  Archon x2  
  105  14:04  Tempest  
  105  14:06  Tempest  
  107  14:11  Zealot  
  107  14:12  Zealot x4  
  107  14:13  High Templar  
  113  14:27  Stalker x6  
  123  14:37  Zealot x5  
  121  14:39  Probe  
  121  14:40  Probe x3  
  125  14:47  Tempest  
  126  14:53  High Templar  
  126  14:54  High Templar x2  
  126  14:55  Zealot x3  
  126  14:56  Zealot  
  126  14:57  Probe  
  126  14:58  Probe  
  142  15:06  Probe x2  
  144  15:09  Probe  
  127  15:36  Zealot x5  
  127  15:37  Zealot x6, Protoss Ground Armor Level 1 (Chrono Boost)  
  145  15:55  Oracle x2  
  127  16:20  High Templar  
  127  16:21  High Templar x2  
  127  16:22  High Templar  
  127  16:23  Stalker x6  
  127  16:48  Tempest  
  127  16:51  Probe x2  
  127  16:53  Assimilator  
  134  16:58  Pylon x2  
  134  17:01  Zealot x7  
  142  17:24  Stalker x8  
  142  17:25  Stalker  
  153  17:52  High Templar x2  
  153  17:53  Zealot x3  
  153  17:54  Zealot x4  
  171  18:14  Assimilator  
  159  18:36  Nexus  
  159  18:38  Pylon  
  159  18:44  Stalker x6  
  171  18:54  Gateway  
  171  18:59  Pylon  
  171  19:01  Pylon  
  147  19:36  Pylon x2  
  77  19:48  Tempest x2  
  93  20:05  Mothership  
  93  20:20  Assimilator  
  93  20:25  Assimilator  
  93  20:28  Gateway  
  93  20:29  Zealot x2  
  93  20:30  Zealot x2, Tempest (Chrono Boost)  
  100  20:38  Tempest (Chrono Boost)  
  99  20:48  Nexus  
  99  21:04  High Templar  
  99  21:05  High Templar x2  
  99  21:06  High Templar  
  99  21:07  High Templar x2  
  99  21:08  High Templar x2  
  99  21:11  High Templar  
  117  21:12  Zealot x2  
Show
View Real Time Build Order
Export as new Build Order

condor Terran - Winner!

Build Orders:  

Get SALT Encoding   

  12  0:05  SCV  
  13  0:18  SCV  
  14  0:30  SCV  
  14  0:32  Supply Depot  
  15  0:52  Refinery x2  
  15  0:53  SCV  
  15  0:56  Barracks  
  16  1:05  SCV  
  17  1:17  SCV  
  18  1:30  SCV  
  19  1:38  Supply Depot  
  19  1:42  SCV  
  19  1:47  Marine  
  20  1:52  Factory  
  22  1:55  Orbital Command  
  21  2:04  Marine  
  22  2:17  Engineering Bay  
  22  2:22  SCV  
  23  2:24  Marine  
  24  2:34  SCV  
  25  2:39  Starport  
  25  2:40  Factory Reactor  
  25  2:43  Factory Tech Lab  
  25  2:46  SCV, Marine  
  27  2:54  Missile Turret  
  28  2:58  SCV  
  28  3:01  Siege Tank  
  31  3:11  Supply Depot  
  31  3:17  Fusion Core  
  31  3:33  Marine  
  32  3:46  SCV  
  33  3:48  Command Center  
  33  3:50  Marine  
  34  4:09  SCV  
  35  4:16  Supply Depot  
  35  4:21  SCV  
  35  4:22  Barracks Tech Lab, Factory Tech Lab  
  36  4:31  Terran Infantry Weapons Level 1  
  36  4:36  Supply Depot  
  42  4:38  Battlecruiser  
  42  4:44  Marine  
  43  4:54  Stimpack  
  43  5:02  Marine  
  43  5:04  Refinery  
  43  5:06  Refinery  
  44  5:07  Orbital Command  
  44  5:08  SCV  
  45  5:19  Marine, Missile Turret  
  45  5:20  SCV  
  47  5:26  Supply Depot  
  47  5:37  Marine  
  47  5:42  Medivac  
  48  5:55  Marine  
  48  6:01  Missile Turret  
  48  6:06  SCV  
  49  6:13  Marine  
  49  6:18  SCV  
  51  6:25  Terran Infantry Armor Level 1  
  51  6:31  Marine  
  51  6:32  Missile Turret  
  52  6:33  SCV  
  52  6:34  Combat Shield, Missile Turret  
  52  6:35  SCV, Missile Turret  
  52  6:37  Missile Turret  
  54  6:48  Marine  
  55  6:56  Barracks  
  55  6:59  Barracks  
  55  7:02  Engineering Bay  
  55  7:05  Supply Depot  
  55  7:06  Marine  
  56  7:09  SCV, Armory  
  56  7:11  SCV  
  58  7:22  SCV  
  59  7:23  SCV  
  59  7:24  Marine  
  61  7:31  Missile Turret  
  61  7:32  Medivac  
  61  7:34  SCV  
  61  7:35  SCV  
  65  7:38  Siege Tank  
  65  7:42  Weapon Refit  
  68  7:45  Barracks Reactor  
  68  7:46  SCV  
  69  7:56  SCV  
  69  7:58  SCV  
  71  8:08  SCV  
  72  8:20  Siege Tank  
  72  8:24  Marine x3  
  72  8:25  Barracks Reactor  
  78  8:32  Medivac  
  80  8:42  Marine x2  
  80  8:45  SCV x2  
  84  8:55  Marine  
  84  8:57  SCV  
  84  9:02  Command Center  
  86  9:26  Marine x3  
  86  9:27  SCV x2, Marine x2, Medivac, Siege Tank  
  86  9:30  Supply Depot  
  98  9:32  Terran Infantry Weapons Level 2  
  98  9:34  Supply Depot  
  98  9:38  Terran Infantry Armor Level 2  
  98  9:39  SCV x2  
  98  9:44  Marine  
  98  9:45  Marine  
  102  9:52  SCV x2, Marine  
  105  9:57  Medivac  
  105  9:59  Siege Tank  
  110  10:04  SCV x2  
  112  10:08  Supply Depot  
  112  10:09  Supply Depot  
  112  10:11  Terran Vehicle Weapons Level 1  
  112  10:14  Missile Turret  
  112  10:16  SCV x2  
  114  10:27  Medivac  
  112  10:31  Siege Tank  
  112  10:32  Supply Depot  
  95  10:57  Medivac  
  95  11:03  Siege Tank  
  86  11:09  Marine  
  86  11:10  Marine x4  
  76  11:27  Marine x2, Medivac  
  76  11:28  Marine x3  
  83  11:35  Siege Tank  
  86  11:41  Planetary Fortress  
  86  11:44  SCV  
  86  11:45  SCV, Marine x3, Refinery  
  86  11:46  Marine x2, Refinery  
  93  11:55  Command Center  
  93  11:56  SCV  
  93  11:57  SCV  
  95  12:03  Marine x4  
  95  12:04  Marine  
  95  12:07  Siege Tank, Command Center  
  103  12:09  SCV  
  103  12:10  Caduceus Reactor  
  103  12:12  Missile Turret x2  
  103  12:14  Viking  
  106  12:15  Missile Turret  
  106  12:21  Marine  
  107  12:39  Siege Tank  
  110  12:44  Viking  
  110  12:50  Terran Infantry Armor Level 3  
  112  12:51  Terran Infantry Weapons Level 3  
  112  12:58  Terran Vehicle Weapons Level 2  
  106  13:14  Viking  
  108  13:29  Planetary Fortress  
  108  13:31  Siege Tank  
  111  13:44  Viking  
  106  13:57  Marine x3  
  106  13:58  Marine x2  
  105  14:03  Siege Tank  
  108  14:14  Medivac  
  108  14:15  Marine x4  
  108  14:16  Marine  
  115  14:30  Missile Turret x2  
  115  14:33  Marine x5  
  115  14:34  Missile Turret  
  115  14:35  Siege Tank  
  123  14:44  Planetary Fortress, Medivac  
  125  14:51  Marine x5, Missile Turret  
  126  14:55  Refinery  
  126  14:58  Missile Turret  
  126  14:59  Refinery  
  126  15:07  Siege Tank  
  126  15:09  Marine  
  126  15:10  Starport  
  126  15:12  Starport  
  126  15:14  Starport, Viking  
  132  15:27  Neosteel Armor  
  131  15:28  Hi-Sec Auto Tracking  
  131  15:35  Marine x5  
  123  15:39  Siege Tank  
  121  15:58  Starport Tech Lab x2  
  111  16:11  Siege Tank  
  92  16:23  Battlecruiser x3  
  106  16:43  Siege Tank  
  101  17:09  Starport Tech Lab  
  101  17:15  Siege Tank  
  101  17:17  Marine  
  101  17:18  Marine x4  
  109  17:27  Battlecruiser x2  
  109  17:28  Battlecruiser  
  127  17:35  Marine x2  
  127  17:36  Marine x3  
  132  17:38  Battlecruiser  
  138  17:48  Siege Tank  
  141  17:53  Marine x2  
  141  17:54  Marine x3  
  146  18:11  Marine x4  
  146  18:12  Marine  
  151  18:18  Armory  
  151  18:20  Siege Tank  
  151  18:21  Armory  
  154  18:29  Marine  
  154  18:32  Battlecruiser  
  161  18:36  Battlecruiser x2  
  173  18:42  Battlecruiser  
  179  18:50  Terran Ship Weapons Level 1  
  179  18:52  Siege Tank  
  170  19:10  Command Center  
  170  19:17  Marine x5  
  160  19:24  Siege Tank  
  154  19:34  Marine x2  
  154  19:35  Marine x3  
  154  19:36  Battlecruiser  
  165  19:40  Battlecruiser  
  165  19:41  Battlecruiser  
  177  19:52  Marine x3  
  178  19:53  Marine x2  
  182  20:10  Marine x4  
  182  20:11  Marine, Battlecruiser  
  193  20:28  Marine  
  194  20:39  Siege Tank  
  194  20:41  Marine x3  
Show
View Real Time Build Order
Export as new Build Order

Ekelpack Zerg 

Build Orders: Hatch First, Swarm Host 

Get SALT Encoding   

  12  0:00  Drone  
  13  0:13  Overlord  
  13  0:19  Drone  
  14  0:32  Drone  
  15  0:46  Hatchery  
  15  0:49  Drone  
  15  1:07  Spawning Pool, Drone  
  15  1:10  Extractor  
  14  1:12  Drone  
  14  1:16  Drone  
  16  1:20  Drone  
  17  1:29  Drone  
  18  1:41  Drone  
  19  1:53  Queen  
  21  1:58  Queen  
  21  2:00  Drone  
  24  2:02  Drone  
  25  2:09  Overlord  
  25  2:13  Drone  
  26  2:19  Drone  
  26  2:20  Drone  
  28  2:28  Drone  
  29  2:31  Lair  
  29  2:38  Drone  
  29  2:39  Drone  
  31  2:45  Overlord, Extractor  
  31  2:49  Drone  
  31  2:55  Drone x2  
  33  3:02  Drone, Extractor  
  33  3:08  Drone x3  
  33  3:10  Extractor  
  35  3:13  Drone x3  
  35  3:19  Drone  
  39  3:23  Drone  
  40  3:29  Spire  
  40  3:31  Drone  
  40  3:39  Drone x3  
  43  3:44  Overlord  
  43  3:49  Overlord  
  43  3:52  Drone  
  43  3:54  Metabolic Boost  
  44  4:01  Queen  
  46  4:04  Overlord  
  46  4:16  Overlord  
  46  4:43  Mutalisk x6  
  46  4:44  Mutalisk x3  
  64  4:46  Mutalisk  
  66  4:57  Drone  
  67  5:01  Hatchery, Overlord  
  67  5:02  Zerg Flyer Weapons Level 1  
  66  5:16  Pneumatized Carapace  
  66  5:17  Overlord  
  66  5:23  Zergling x2  
  66  5:24  Zergling x10  
  70  5:59  Zergling x12  
  70  6:00  Zergling x2  
  77  6:18  Drone  
  77  6:19  Drone x2  
  77  6:20  Infestation Pit  
  79  6:31  Drone x2  
  79  6:32  Drone x2  
  83  6:33  Overlord  
  83  7:09  Drone x6  
  83  7:10  Drone x2  
  83  7:11  Overlord  
  83  7:13  Extractor  
  90  7:16  Hive, Extractor  
  89  7:27  Drone  
  89  7:28  Drone x3  
  93  7:35  Overlord x4  
  93  7:51  Burrow  
  93  8:07  Evolution Chamber  
  93  8:09  Evolution Chamber  
  93  8:10  Drone  
  93  8:11  Drone  
  93  8:24  Swarm Host x2  
  132  8:27  Overlord  
  132  8:55  Swarm Host  
  138  8:57  Hatchery, Overlord  
  138  8:58  Overlord  
  148  9:36  Swarm Host  
  148  9:37  Overlord  
  148  9:38  Overlord x3  
  169  9:48  Zerg Ground Armor Level 1, Zerg Missile Weapons Level 1  
  169  9:52  Greater Spire  
  115  11:38  Drone x3  
  115  11:39  Drone x6  
  125  11:40  Drone x7  
  125  11:41  Drone x6  
  125  11:42  Overlord x4  
  137  11:48  Drone x2  
  137  11:49  Zerg Missile Weapons Level 2, Zerg Ground Armor Level 2  
  139  11:58  Drone  
  140  12:06  Swarm Host  
  170  12:17  Extractor  
  170  12:19  Extractor  
  162  13:01  Adrenal Glands  
  162  13:02  Zergling x10  
  162  13:03  Zergling x14  
  162  13:04  Zergling x8  
  178  13:21  Zergling x2  
  178  13:22  Zergling x6  
  182  13:57  Zergling x6  
  182  13:58  Zergling x14  
  192  14:09  Zerg Missile Weapons Level 3, Zerg Ground Armor Level 3  
  167  15:01  Extractor  
  166  15:08  Nydus Network  
  161  15:39  Zergling x4  
  161  15:40  Zergling x14  
  161  15:41  Zergling x6  
  173  15:48  Ultralisk Cavern  
  171  15:56  Corruptor x2  
  171  15:57  Corruptor x2  
  171  16:15  Corruptor  
  171  16:16  Corruptor x2  
  163  17:02  Ultralisk x3  
  163  17:03  Chitinous Plating, Ultralisk  
  163  17:05  Overlord x2  
  163  17:07  Zerg Melee Weapons Level 1  
  179  18:05  Corruptor x2  
  179  18:06  Corruptor x7  
  179  18:07  Corruptor  
  199  18:18  Zerg Flyer Weapons Level 2  
  168  19:23  Ultralisk  
  168  19:24  Ultralisk x2  
  180  19:25  Corruptor x4  
  180  19:26  Corruptor  
  180  19:30  Zergling x4  
  163  19:58  Corruptor x2  
  163  19:59  Corruptor x5  
  175  20:00  Zergling x4  
  179  20:35  Overlord x5  
  163  21:09  Zergling x2  
  163  21:10  Zergling x14  
  163  21:11  Zergling x2  
  121  21:43  Zergling x2  
Show
View Real Time Build Order
Export as new Build Order

Nyck Terran 

Build Orders: Reaper Expand 

Get SALT Encoding   

  12  0:00  SCV  
  13  0:14  Supply Depot  
  13  0:17  SCV  
  14  0:29  SCV  
  15  0:38  Barracks  
  15  0:41  SCV  
  16  0:53  SCV  
  16  0:55  Refinery  
  17  0:57  Refinery  
  17  1:05  SCV  
  18  1:17  SCV  
  19  1:33  Command Center  
  19  1:38  Reaper  
  20  1:47  Orbital Command  
  20  2:06  Supply Depot  
  20  2:18  SCV  
  21  2:27  Barracks Tech Lab  
  21  2:41  Command Center  
  21  2:47  SCV  
  21  2:48  Combat Shield  
  22  2:52  Barracks  
  22  3:00  SCV  
  23  3:15  SCV  
  23  3:18  Orbital Command  
  24  3:28  SCV  
  25  3:40  SCV  
  26  3:43  Barracks  
  27  3:48  SCV  
  27  3:50  Barracks Reactor  
  27  3:52  SCV  
  28  4:00  SCV  
  29  4:04  SCV  
  29  4:06  Refinery  
  29  4:07  Refinery  
  30  4:10  Stimpack  
  30  4:14  Marine  
  31  4:20  Barracks  
  31  4:24  Engineering Bay  
  31  4:27  SCV x2  
  33  4:37  Marine  
  33  4:38  Marine  
  35  4:39  SCV x2  
  35  4:41  Barracks Reactor  
  35  4:45  Barracks  
  37  4:49  Orbital Command  
  37  4:54  SCV x2  
  39  5:00  Marine x2  
  39  5:02  Terran Infantry Weapons Level 1  
  39  5:05  Factory  
  39  5:06  SCV x2  
  43  5:18  SCV x3  
  46  5:22  Marine x4  
  50  5:30  SCV x3  
  50  5:31  Barracks Reactor  
  53  5:44  Supply Depot  
  53  5:45  Supply Depot, Missile Turret  
  53  5:46  SCV x3  
  53  5:47  Marine  
  53  5:48  Marine x2  
  59  5:53  Refinery  
  51  5:58  SCV  
  51  6:03  SCV x2  
  50  6:07  Supply Depot  
  50  6:09  Supply Depot  
  50  6:10  SCV  
  51  6:12  Missile Turret  
  51  6:15  SCV x2, Marine  
  51  6:16  Marine  
  51  6:17  Marine  
  51  6:18  Marine  
  57  6:22  SCV  
  58  6:27  SCV x2  
  58  6:30  Factory Tech Lab  
  58  6:31  Supply Depot  
  58  6:32  Factory  
  60  6:35  SCV  
  60  6:38  Armory  
  61  6:42  Armory  
  61  6:43  SCV  
  61  6:44  SCV  
  63  6:47  Supply Depot  
  63  6:50  SCV  
  64  6:55  SCV  
  64  6:56  SCV  
  64  6:57  Refinery  
  66  7:02  SCV  
  66  7:04  Terran Infantry Armor Level 1  
  66  7:08  SCV x2  
  69  7:10  Supply Depot  
  69  7:14  SCV  
  70  7:20  SCV x2  
  72  7:26  Factory Tech Lab  
  72  7:27  SCV  
  73  7:32  SCV x2  
  75  7:38  Marine x2  
  75  7:39  SCV, Marine x3  
  75  7:40  Marine  
  82  7:44  SCV x2  
  84  7:54  SCV, Command Center  
  85  7:59  Terran Vehicle Weapons Level 1  
  85  8:02  Terran Vehicle And Ship Armor Level 1  
  85  8:08  Thor x2  
  85  8:10  SCV x3  
  85  8:11  Marine x5  
  85  8:12  Marine x2, Barracks Reactor  
  107  8:21  Starport  
  107  8:23  Supply Depot  
  107  8:24  Supply Depot  
  107  8:29  SCV x3  
  107  8:33  Supply Depot  
  110  8:44  SCV x3  
  110  8:45  Marine x5  
  110  8:46  Marine  
  110  8:48  Supply Depot  
  119  8:49  Supply Depot  
  119  8:51  Thor x2  
  131  9:00  Supply Depot  
  131  9:04  SCV x3  
  134  9:12  Starport Reactor  
  134  9:14  Supply Depot  
  134  9:16  Supply Depot  
  134  9:25  Supply Depot  
  134  9:32  Command Center  
  134  9:33  Thor  
  134  9:35  SCV x3  
  134  9:36  Marine x2  
  134  9:37  Marine x5  
  134  9:38  Marine  
  151  9:40  Thor  
  157  9:59  Terran Vehicle Weapons Level 2  
  157  10:00  Terran Vehicle And Ship Armor Level 2  
  157  10:05  Viking  
  157  10:06  Viking  
  161  10:16  Thor  
  167  10:23  Thor  
  133  10:36  Marine  
  133  10:37  Marine x8  
  112  10:54  Marine  
  100  10:57  Marine  
  100  10:58  Marine x7  
  100  11:00  Thor  
  108  11:06  Thor  
  111  11:12  Marine  
  111  11:15  Marine x3  
  111  11:16  Marine x4  
  119  11:33  SCV  
  119  11:34  SCV x2  
  119  11:36  Marine  
  119  11:37  Marine x8  
  131  11:42  Terran Infantry Weapons Level 2  
  131  11:43  Thor  
  131  11:45  SCV  
  131  11:47  Engineering Bay  
  138  11:49  Thor  
  138  11:50  Planetary Fortress  
  144  11:54  Marine x6  
  144  11:55  Marine x3  
  153  12:10  Medivac x2  
  153  12:12  Marine x7  
  153  12:13  Marine x2  
  166  12:16  Terran Infantry Armor Level 2  
  166  12:21  Ghost Academy  
  166  12:25  SCV x2  
  166  12:26  SCV, Thor  
  166  12:28  Refinery  
  175  12:30  Marine x4  
  175  12:31  Thor  
  175  12:32  Refinery  
  180  13:07  Marine x6  
  180  13:08  Marine x3  
  180  13:09  Thor  
  180  13:12  SCV x2  
  197  13:13  SCV x2  
  199  13:24  SCV  
  181  13:36  SCV  
  159  13:52  Thor  
  101  14:34  SCV  
  101  14:35  SCV x2  
  101  14:36  Marine x8  
  101  14:37  Marine  
  125  14:41  SCV  
  126  14:45  SCV  
  126  14:46  SCV  
  128  14:54  Marine x8  
  128  14:58  SCV  
  138  15:09  Ghost  
  138  15:10  SCV  
  138  15:11  Marine  
  138  15:12  Marine x7  
  142  15:15  Thor x2  
  136  15:22  SCV  
  137  15:29  Marine  
  137  15:30  Marine x7  
  145  15:37  Ghost  
  145  15:42  Sensor Tower  
  147  15:47  Marine x2  
  147  15:48  Marine x6  
  128  15:58  Thor x2  
  134  16:06  Ghost  
  134  16:10  Marine  
  134  16:11  Marine x7  
  142  16:28  Marine  
  142  16:29  Marine x7  
  150  16:35  Ghost  
  146  16:41  Thor x2  
  146  16:46  Marine x3  
  146  16:47  Marine x5  
  160  16:55  SCV x4  
  164  17:03  Ghost  
  164  17:04  Marine x8  
  164  17:06  Starport  
  164  17:07  SCV x4  
  178  17:13  Starport  
  178  17:32  Marine  
  179  17:37  Orbital Command  
  179  17:42  SCV x3  
  179  17:43  Thor x2  
  194  17:44  Marine  
  194  17:45  Marine x5  
  194  17:46  Command Center  
  194  17:51  Terran Vehicle Weapons Level 3  
  200  17:52  Terran Vehicle And Ship Armor Level 3  
  200  17:55  Starport Tech Lab  
  200  17:56  Starport Tech Lab  
  200  17:57  Armory  
  182  19:00  Thor x2  
  133  19:41  Marine  
  133  19:42  Marine x8  
  133  19:45  Thor  
  135  19:59  Marine x5  
  125  20:00  Marine x4  
  126  20:12  Command Center  
  125  20:17  Marine x8  
  125  20:18  Marine  
  134  20:34  Marine  
  134  20:35  Marine x8  
  143  20:48  Orbital Command  
  141  20:53  Marine  
Tags
 
Add a new tag
Caveats
  • Supply blocks, unpowered buildings, or Contaminate may cause inaccurate times.
  • Supply counts are checked every 10 seconds.